 Dungeon Crawl Stone Soup version 0.31-a0-692-gf03d1854d5 (webtiles) character file.

Game seed: 2401066532590088540

181 qw the Shooter (level 5, -3/32 HPs)
             Began as a Gargoyle Hunter on Sept 6, 2023.
             Frozen to death by an endoplasm (4 damage)
             ... on level 3 of the Dungeon.
             The game lasted 00:01:02 (2600 turns).

qw the Shooter (Gargoyle Hunter)                    Turns: 2600, Time: 00:01:02

Health: -3/32      AC:  8    Str: 12    XL:     5   Next: 61%
Magic:  5/5        EV: 16    Int: 13    God:
Gold:   184        SH:  0    Dex: 14    Spells: 4/4 levels left

rFire   . . .        Y - +0 shortbow
rCold   . . .        (shield currently unavailable)
rNeg    + . .        c - +0 leather armour
rPois   inf          b - +0 helmet
rElec   +            (no cloak)
rCorr   .            (no gloves)
SInv    .            (no boots)
Will    .....        (no amulet)
Stlth   +            e - +5 ring of evasion
HPRegen 0.25/turn    (no ring)
MPRegen 0.09/turn

%: no passive effects
@: no status effects
A: sickness immunity, AC +4, negative energy resistance 1, electricity
resistance, torment resistance 1, petrification resistance, talons 1, clever 1,
weak 1, wild magic 1
a: no special abilities


You were on level 3 of the Dungeon.
You visited 1 branch of the dungeon, and saw 3 of its levels.

You collected 184 gold pieces.


Innate Abilities, Weirdness & Mutations

You are immune to sickness and miasma.
Your stone body is resilient. (AC +4)
You are immune to poison.
You resist negative energy. (rN+)
You are resistant to electric shocks. (rElec)
You are resistant to unholy torment.
You are immune to petrification.
You have sharp toenails.
Your mind is acute. (Int +4, Str/Dex -1)
You are weak. (Str -2)
Your spells are a little harder to cast, but a little more powerful.


   Skills:
 + Level 3.5 Fighting
 - Level 6.0 Ranged Weapons
 - Level 1.2 Armour
 - Level 1.5 Dodging
 - Level 1.1 Stealth


You had 4 spell levels left.
You didn't know any spells.
Your spell library was empty.

Inventory:

Hand Weapons
 Y - a +0 shortbow (weapon)
Armour
 b - a +0 helmet (worn)
 c - a +0 leather armour (worn)
Jewellery
 e - a +5 ring of evasion (left hand)
Scrolls
 h - a scroll of poison {unknown}
Potions
 a - a potion of invisibility {unknown}
 d - a potion of heal wounds {unknown}
 f - a potion of enlightenment {unknown}
 g - a potion of brilliance {unknown}
 i - a potion of curing

Dungeon Overview and Level Annotations

Branches:
Dungeon (3/15)

Altars:
Dithmenos
Ru

Annotations:
D:3 1 runed translucent door, Crazy Yiuf


Message History

The adder is moderately wounded.
The adder bites you but does no damage. The orc barely misses you.
The endoplasm closely misses you.
You shoot an arrow. The arrow closely misses the adder.
The adder misses you. The orc hits you with a +0 club.
The endoplasm closely misses you. The adder closely misses you.
You shoot an arrow. The arrow hits the adder.
The adder is severely wounded.
The adder bites you. The orc barely misses you.
The endoplasm closely misses you.
You shoot an arrow. The arrow closely misses the adder.
The adder misses you. The orc completely misses you.
The endoplasm closely misses you. The adder closely misses you.
The orc barely misses you. The endoplasm misses you.
You shoot an arrow. The arrow closely misses the adder.
The adder misses you. The endoplasm freezes you.
You are frozen.
The orc barely misses you. The adder barely misses you.
You shoot an arrow. The arrow closely misses the adder.
The adder misses you. The orc barely misses you. The endoplasm freezes you.
You are frozen.
You shoot an arrow. The arrow closely misses the adder.
The adder misses you. The orc misses you. The endoplasm misses you.
The adder bites you but does no damage.
You shoot an arrow. The arrow closely misses the adder.
The orc completely misses you.
The endoplasm hits you but does no damage.
The adder bites you but does no damage.
You shoot an arrow. The arrow closely misses the adder.
The adder barely misses you. The orc hits you but does no damage.
The endoplasm misses you. The adder bites you but does no damage.
You shoot an arrow. The arrow hits the adder.
The adder is severely wounded.
The orc misses you.
The endoplasm hits you but does no damage.
The adder bites you. The endoplasm freezes you.
You are frozen.
You die...

#########8.
###########......##..
.###..Jo.......####.#8..
.))..)S@........######..
.###.##%######......# .
#.##.# #..#####
#.##.######..#
#.##.#.......# # ### ###
#.##...#####.# # #.###.#
#.#### #.# # #.....# #.#
#.# ###.#####
#.##########.#


You could see an adder, an orc and an endoplasm.

Vanquished Creatures
  A hound (D:3)
  Robin (D:2)
  4 adders
  A white imp (D:3)
  3 dart slugs
  6 orcs (D:3)
  5 ball pythons
  7 bats
  12 endoplasms
  4 giant cockroaches
  12 goblins
  9 hobgoblins
  3 kobolds
  5 quokkas
  2 frilled lizards
  A rat (D:1)
76 creatures vanquished.

Notes
Turn   | Place    | Note
-------+----------+-------------------------------------------
     0 | D:1      | qw the Gargoyle Hunter began the quest for the Orb.
     0 | D:1      | Reached XP level 1. HP: 12/12 MP: 1/1
     0 | D:1      | 0 ||| qw: Version: 0.3-a-76-g4403597
     0 | D:1      | 0 ||| qw: Game counter: 266
     0 | D:1      | 0 ||| qw: Melee chars always use a shield: true
     0 | D:1      | 0 ||| qw: God list: Okawaru
     0 | D:1      | 0 ||| qw: Allow faded altars: false
     0 | D:1      | 0 ||| qw: Do Orc after clearing Dungeon:15 true
     0 | D:1      | 0 ||| qw: Do second Lair branch before Depths: true
     0 | D:1      | 0 ||| qw: Lair rune preference: random
     0 | D:1      | 0 ||| qw: Goals: Normal
     0 | D:1      | 0 ||| PLANNING D:1-11
   116 | D:1      | Reached XP level 2. HP: 17/17 MP: 2/2
   286 | D:1      | 286 ||| Stepping ~*~*~tactically~*~*~ (outnumbered).
   302 | D:1      | Reached XP level 3. HP: 14/21 MP: 3/3
   410 | D:1      | Reached skill level 5 in Ranged Weapons
   877 | D:1      | 877 ||| UPGRADING to +5 ring of evasion.
   878 | D:1      | 878 ||| READING 2 scrolls labelled XENOFU HOQIZI.
   879 | D:1      | 879 ||| READING scroll labelled GAOSMU GAETAGGO.
   880 | D:1      | 880 ||| READING scroll labelled UMATSUG ZAANEE.
   881 | D:1      | 881 ||| READING scroll labelled QIVIHE SOGGU.
   882 | D:1      | 882 ||| DRINKING 2 smoky black potions.
   882 | D:1      | Gained mutation: You occasionally lose the ability to read
                  | scrolls when taking damage. [potion of mutation]
   882 | D:1      | Gained mutation: You do not regenerate when monsters are
                  | visible. [potion of mutation]
   882 | D:1      | Gained mutation: Your mind is acute. (Int +4, Str/Dex -1)
                  | [potion of mutation]
   883 | D:1      | 883 ||| DRINKING potion of mutation.
   883 | D:1      | Lost mutation: You do not regenerate when monsters are
                  | visible. [potion of mutation]
   883 | D:1      | Lost mutation: You occasionally lose the ability to read
                  | scrolls when taking damage. [potion of mutation]
   883 | D:1      | Gained mutation: Your spells are a little harder to cast,
                  | but a little more powerful. [potion of mutation]
   883 | D:1      | Gained mutation: You are weak. (Str -2) [potion of
                  | mutation]
   883 | D:1      | Gained mutation: You have sharp toenails. [potion of
                  | mutation]
   884 | D:1      | 884 ||| DRINKING 3 emerald potions.
   988 | D:1      | 988 ||| DROPPING scroll of amnesia.
   989 | D:1      | 989 ||| DROPPING scroll of butterflies.
   990 | D:1      | 990 ||| DROPPING 2 potions of berserk rage.
  1262 | D:2      | Reached skill level 3 in Fighting
  1419 | D:2      | Reached XP level 4. HP: 28/28 MP: 4/4
  1844 | D:2      | Noticed Robin
  1845 | D:2      | 1845 ||| Stepping ~*~*~tactically~*~*~ (outnumbered).
  1866 | D:2      | Killed Robin
  1944 | D:2      | 1944 ||| UPGRADING to +0 helmet.
  1949 | D:2      | 1949 ||| DRINKING 2 white potions.
  2027 | D:3      | Reached XP level 5. HP: 29/32 MP: 5/5
  2167 | D:3      | Reached skill level 6 in Ranged Weapons
  2284 | D:3      | Found a shadowy altar of Dithmenos.
  2287 | D:3      | Found a sacrificial altar of Ru.
  2406 | D:3      | Found a runed translucent door.
  2407 | D:3      | Noticed Crazy Yiuf
  2445 | D:3      | Reached skill level 1 in Armour
  2588 | D:3      | HP: 8/32 [orc/+0 club (2)]
  2593 | D:3      | HP: 6/32 [adder (1)]
  2596 | D:3      | HP: 2/32 [frozen (2)]
  2600 | D:3      | Frozen to death by an endoplasm

Levels and vault maps discovered:
D:1:      ncdulo_wetmaze, layout_basic, minmay_3d_cube
D:2:      layout_basic, uniq_robin
D:3:      minmay_chambers_of_threes, layout_loops_ring,
          nicolae_overflow_hidden_temple, uniq_crazy_yiuf_cottage

Skill      XL: |  1  2  3  4  5 |
---------------+----------------+-----
Ranged Weapons | 5 6 |  6.0
Fighting       | 3 |  3.5
Armour         | 1 |  1.2
Dodging        | |  1.5
Stealth        | |  1.1

Action                     |  1- 3 |  4- 6 || total
---------------------------+-------+-------++-------
   Fire: Shortbow          |   120 |   159 ||   279
    Use: Scroll            |     4 |       ||     4
         Potion            |     3 |     1 ||     4
 Armour: Leather armour    |    27 |    79 ||   106
  Dodge: Dodged            |    37 |   177 ||   214

Table legend:
 A = Non-vault XP
 B = Vault XP
 C = Vault XP percentage of total XP
 D = Non-vault monster count
 E = Vault monster count
 F = Vault count percentage of total count
                 A         B        C        D         E       F
            +---------+---------+-------+---------+---------+-------
      Total |     192 |      67 |  25.9 |      59 |      17 |  22.4
            +---------+---------+-------+---------+---------+-------
        D:1 |      47 |      13 |  21.7 |      25 |       6 |  19.4
        D:2 |      37 |      28 |  43.1 |      13 |       8 |  38.1
        D:3 |     108 |      26 |  19.4 |      21 |       3 |  12.5
            +---------+---------+-------+---------+---------+-------
